 Dungeon Sprint DCSS version 0.24.0-41-g2ae2f7f1be (webtiles) character file.

Game seed: 14210916087536489665, levelgen mode: deterministic

59960 McKennaii the Demonic Blade (level 14, 0/124 HPs)
             Began as a Demonspawn Fighter on Dec 10, 2019.
             Was the Champion of Makhleb.
             Slain by Mennas
             ... wielding a +2 trishula of holy wrath
              (1 damage)
             ... in the Dungeon (Sprint IX: "|||||||||||||||||||||||||||||").
             The game lasted 00:37:00 (5518 turns).

McKennaii the Demonic Blade (Demonspawn Fighter)    Turns: 5518, Time: 00:37:01

Health: 0/124      AC: 30    Str: 29    XL:     14   Next: 55%
Magic:  0/26       EV: 21    Int:  9    God:    Makhleb [******]
Gold:   428        SH:  0    Dex: 25    Spells: 13/13 levels left

rFire    . . .     SeeInvis +   p - +2 scimitar (flame)
rCold    . . .     Gourm    .   c - +0 shield
rNeg     . . .     Faith    .   x - +8 plate armour "Quidicos" {Str+3 SInv Stlth+}
rPois    .         Spirit   +   E - +1 helmet
rElec    .         Reflect  +   B - scarf {Spirit}
rCorr    .         Harm     .   e - +1 pair of gloves
MR       +....     NoTele   +   (boots unavailable)
Stlth    +.........             t - +4 amulet of reflection
HPRegen  0.30/turn              q - +3 ring of strength
MPRegen  0.20/turn              r - +3 ring of dexterity

@: confused, mighty, agile, berserk cooldown, very slightly contaminated,
slowed, glowing, silenced, very slow
A: talons 3, repulsion field 2, demonic guardian 1, nightstalker 3
a: Renounce Religion


You were in the Dungeon.
You worshipped Makhleb.
Makhleb was exalted by your worship.
You were not hungry.

You visited 1 branch You collected 1900 gold pieces.
You spent 1472 gold pieces at shops.

Inventory:

Hand Weapons
 p - a +2 scimitar of flaming (weapon)
 A - a +1 double sword
Armour
 c - a +0 shield (worn)
 e - a +1 pair of gloves (worn)
 x - the +8 plate armour "Quidicos" (worn) {Str+3 SInv Stlth+}
   (You bought it in a shop in the Dungeon)

   It affects your strength (+3).
   It lets you see invisible.
   It makes you more stealthy.
 B - a scarf of spirit shield (worn)
 E - a +1 helmet (worn)
Jewellery
 b - an uncursed ring of see invisible
 q - a +3 ring of strength (left hand)
 r - a +3 ring of dexterity (right hand)
 t - a +4 amulet of reflection (around neck)
 w - an uncursed ring of fire
 C - an uncursed ring of ice
 D - an uncursed ring of protection from cold
Wands
 o - a wand of acid (2)
Scrolls
 m - 4 scrolls of remove curse
 n - 3 scrolls of amnesia
 u - a scroll of fear
 v - 4 scrolls of enchant armour
 y - a scroll of identify
 F - a scroll of fog
Potions
 a - a potion of agility
 g - a potion of heal wounds
 h - a potion of haste
 i - 4 potions of magic
 j - a potion of berserk rage
 l - 5 potions of curing
 s - 2 potions of resistance
 z - a potion of mutation
Comestibles
 f - 11 rations
 G - 6 chunks of flesh


   Skills:
 + Level 15.8 Fighting
 * Level 21.4 Long Blades
 * Level 14.8 Armour
 + Level 6.0 Dodging
 + Level 6.0 Stealth
 + Level 16.8 Shields
 + Level 17.3 Invocations
 + Level 2.8 Evocations


You had 13 spell levels left.
You didn't know any spells.
Your spell library was empty.

Dungeon Overview and Level Annotations

Branches:
Dungeon (1/1)

Altars:
Cheibriados
Dithmenos
Elyvilon
Fedhas
Gozag
Hepliaklqana
Kikubaaqudgha
Makhleb
Nemelex Xobeh
Okawaru
Qazlal
Ru
Sif Muna
Trog
Uskayaw
Vehumet
Wu Jian
Xom
Yredelemnul
Zin
The Shining One
Beogh
Jiyva
Lugonu

Shops:
D [[=*

Annotations:
D Mennas


Innate Abilities, Weirdness & Mutations

You have claws for feet.
You are surrounded by a moderate repulsion field. (EV +3)
A weak demonic guardian rushes to your aid.
You are completely attuned to the shadows.


Message History

You bump into the unnaturally hard rock wall.
Mennas gestures frantically.
You are more confused.
Your white imp appears confused.
Your white imp hits you but does no damage.
Mennas gestures frantically.
Mennas's surroundings become eerily quiet.
You're too confused to move!
Mennas closely misses you.
Mennas hits you but does no damage. x3; Your white imp completely misses you.
Unknown command.
You bump into the unnaturally hard rock wall.
Mennas hits you with a +2 trishula of holy wrath!
* * * LOW HITPOINT WARNING * * *
You convulse.
* * * LOW HITPOINT WARNING * * *
Mennas hits you but does no damage.
Your white imp barely misses you.
Mennas hits you but does no damage.
Mennas hits you with a +2 trishula of holy wrath.
You convulse.
You die...

.................................
▓▓▓▓▓▓▓▓▓▓▓▓▓▓▓▓▓♣♣♣♣♣♣♣♣♣♣▓▓▓▓▓▓
.)(..).'.........'......)..'))...
▓▓▓▓▓▓▓▓▓▓▓▓▓▓▓▓▓♣♣♣♣♣♣♣♣♣♣▓▓▓▓▓▓
.........).[.....................
▓▓▓▓▓▓▓▓▓▓▓▓▓▓▓▓▓▓▓▓▓▓▓▓▓▓▓▓▓▓▓▓▓
............([...)+.)))))))).....
▓▓▓▓▓▓▓▓▓▓▓▓▓▓▓▓▓▓▓▓▓▓▓▓▓▓▓▓▓▓▓▓▓
...............A@5...............
▓▓▓▓▓▓▓▓▓▓▓▓▓▓▓▓▓▓▓▓▓▓▓▓▓▓▓▓▓▓▓▓▓


You could see Mennas and a friendly white imp (confused).

Vanquished Creatures
  Gastronok (D)
  2 ghost moths (D)
  A frost giant (D)
  A vault warden (D)
  A very ugly thing (D)
  2 ironheart preservers (D)
  4 stone giants (D)
  An entropy weaver (D)
  Azrael (D)
  An ettin (D)
  Josephine (D)
  2 great orbs of eyes (D)
  2 fire dragons (D)
  A yaktaur captain (D)
  A ghost crab (D)
  3 hydras (D)
  4 ice dragons (D)
  2 vault guards (D)
  A centaur warrior (D)
  A spriggan air mage (D)
  A catoblepas (D)
  A vampire mage (D)
  3 death yaks (D)
  2 shock serpents (D)
  A deep troll shaman (D)
  A tengu warrior (D)
  2 alligators (D)
  2 ogre magi (D)
  2 deep troll earth magi (D)
  2 deep elf knights (D)
  A fire crab (shapeshifter) (D)
  A salamander mystic (D)
  A spriggan druid (D)
  An unseen horror (D)
  A sea snake (D)
  A deep elf archer (D)
  An ironbrand convoker (D)
  A deep elf mage (D)
  A mana viper (D)
  An orc knight (D)
  An ugly thing (D)
  2 wolf spiders (D)
  2 orc sorcerers (D)
  2 cyclopes (D)
  A manticore (D)
  A water nymph (D)
  A black mamba (D)
  3 vault sentinels (D)
  2 merfolk sirens (D)
  2 naga magi (D)
  5 spiny frogs (D)
  A rime drake (D)
  A komodo dragon (shapeshifter) (D)
  A komodo dragon (D)
  A demonic crawler (D)
  A jumping spider (D)
  A tyrant leech (D)
  A wind drake (shapeshifter) (D)
  A polar bear (D)
  A bog body (D)
  A hornet (D)
  2 slime creatures (D)
  A snapping turtle (D)
  A hippogriff (D)
  2 water elementals (D)
  5 yaks (D)
  A tarantella (D)
  6 wraiths (D)
  5 fire elementals (D)
  A basilisk (D)
  A vampire mosquito (D)
  A hell hound (D)
  8 orc warriors (D)
  A floating eye (D)
  4 porcupines (D)
  3 crocodiles (D)
  4 bullfrogs (D)
  A killer bee (D)
  A jelly (D)
  11 orc wizards (D)
  An iguana (D)
  2 worker ants (D)
  A shadow imp (D)
  A dart slug (D)
  4 orcs (D)
  A giant cockroach (D)
  2 hobgoblins (D)
  2 quokkas (D)
  A kobold (D)
166 creatures vanquished.

Vanquished Creatures (collateral kills)
  A nagaraja (D)
  Urug (D)
  A wizard (D)
  2 orc knights (D)
  3 orc sorcerers (D)
  A black mamba (D)
  3 orc warriors (D)
  An ogre (D)
  An iguana (D)
  3 orc wizards (D)
  An adder (D)
  A shadow imp (D)
  5 orcs (D)
24 creatures vanquished.

Vanquished Creatures (others)
  A yaktaur (D)
  An adder simulacrum (D)
2 creatures vanquished.

Grand Total: 192 creatures vanquished

Notes
Turn   | Place    | Note
-------+----------+-------------------------------------------
     0 | D        | McKennaii the Demonspawn Fighter began the quest for the
                  | Orb.
     0 | D        | Reached XP level 1. HP: 18/18 MP: 1/1
     6 | D        | Reached skill level 2 in Long Blades
   115 | D        | Noticed a worker ant
   115 | D        | Noticed an iguana
   138 | D        | Killed a worker ant
   138 | D        | Reached skill level 3 in Long Blades
   138 | D        | Gained mutation: A weak demonic guardian rushes to your
                  | aid. [demonic ancestry]
   138 | D        | Reached XP level 2. HP: 18/25 MP: 2/2
   138 | D        | Reached XP level 3. HP: 21/30 MP: 3/3
   172 | D        | Reached skill level 4 in Long Blades
   323 | D        | Found a roughly hewn altar of Beogh.
   323 | D        | Found a snail-covered altar of Cheibriados.
   323 | D        | Found a shadowy altar of Dithmenos.
   323 | D        | Found a white marble altar of Elyvilon.
   323 | D        | Found a blossoming altar of Fedhas.
   323 | D        | Found an opulent altar of Gozag.
   324 | D        | Found a hazy altar of Hepliaklqana.
   325 | D        | Found a viscous altar of Jiyva.
   326 | D        | Found an ancient bone altar of Kikubaaqudgha.
   327 | D        | Found a corrupted altar of Lugonu.
   328 | D        | Found a burning altar of Makhleb.
   329 | D        | Found a sparkling altar of Nemelex Xobeh.
   330 | D        | Found an iron altar of Okawaru.
   331 | D        | Found a stormy altar of Qazlal.
   332 | D        | Found a sacrificial altar of Ru.
   333 | D        | Found a shimmering blue altar of Sif Muna.
   334 | D        | Found a bloodstained altar of Trog.
   335 | D        | Found a hide-covered altar of Uskayaw.
   336 | D        | Became a worshipper of Makhleb the Destroyer
   337 | D        | Found a radiant altar of Vehumet.
   338 | D        | Found an ornate altar of the Wu Jian Council.
   339 | D        | Found a shimmering altar of Xom.
   340 | D        | Found a basalt altar of Yredelemnul.
   341 | D        | Found a glowing silver altar of Zin.
   342 | D        | Found a glowing golden altar of the Shining One.
   379 | D        | Noticed a killer bee
   379 | D        | Noticed an ogre
   382 | D        | Reached skill level 1 in Dodging
   382 | D        | Gained mutation: You are surrounded by a mild repulsion
                  | field. (EV +2) [demonic ancestry]
   382 | D        | Reached XP level 4. HP: 38/38 MP: 4/4
   398 | D        | Reached skill level 5 in Long Blades
   428 | D        | Killed an ogre
   428 | D        | Reached * piety under Makhleb
   428 | D        | Reached skill level 5 in Fighting
   428 | D        | Reached skill level 5 in Armour
   428 | D        | Reached skill level 5 in Shields
   428 | D        | Reached XP level 5. HP: 28/44 MP: 5/5
   438 | D        | Reached skill level 6 in Long Blades
   441 | D        | Reached ** piety under Makhleb
   514 | D        | Noticed a yak
   514 | D        | Noticed a wind drake
   514 | D        | Noticed a hippogriff
   521 | D        | Killed a yak
   521 | D        | Reached skill level 8 in Long Blades
   521 | D        | Gained mutation: You have sharp toenails. [demonic
                  | ancestry]
   521 | D        | Reached XP level 6. HP: 43/52 MP: 6/6
   554 | D        | Killed a wind drake
   554 | D        | Reached skill level 9 in Long Blades
   554 | D        | Gained mutation: You are slightly more attuned to the
                  | shadows. [demonic ancestry]
   554 | D        | Reached XP level 7. HP: 38/58 MP: 7/7
   564 | D        | Killed a hippogriff
   564 | D        | Reached *** piety under Makhleb
   564 | D        | Reached skill level 10 in Long Blades
   702 | D        | Noticed a spiny frog
   702 | D        | Noticed a spiny frog
   706 | D        | Noticed a basilisk
   710 | D        | Reached **** piety under Makhleb
   715 | D        | Reached skill level 11 in Long Blades
   805 | D        | Killed a spiny frog
   805 | D        | Gained mutation: You are significantly more attuned to the
                  | shadows. [demonic ancestry]
   805 | D        | Reached XP level 8. HP: 45/67 MP: 8/8
   815 | D        | Killed a spiny frog
   815 | D        | Reached skill level 12 in Long Blades
  1135 | D        | Reached ***** piety under Makhleb
  1160 | D        | Noticed a spiny frog
  1166 | D        | Killed a spiny frog
  1166 | D        | Reached skill level 13 in Long Blades
  1166 | D        | Gained mutation: You are surrounded by a moderate repulsion
                  | field. (EV +3) [demonic ancestry]
  1166 | D        | Reached XP level 9. HP: 74/74 MP: 9/9
  1197 | D        | Noticed a rime drake
  1197 | D        | Noticed a polar bear
  1197 | D        | Noticed a spiny frog
  1206 | D        | Killed a rime drake
  1232 | D        | Noticed an orange demon
  1370 | D        | Killed a polar bear
  1370 | D        | Reached skill level 1 in Stealth
  1381 | D        | Killed a spiny frog
  1381 | D        | Reached skill level 14 in Long Blades
  1500 | D        | Reached ****** piety under Makhleb
  1578 | D        | Noticed a komodo dragon
  1589 | D        | Killed a komodo dragon
  1602 | D        | Noticed a death yak
  1602 | D        | Noticed a catoblepas
  1603 | D        | Noticed a death yak
  1610 | D        | Noticed a death yak
  1629 | D        | Killed a death yak
  1629 | D        | Gained mutation: You have razor-sharp toenails. [demonic
                  | ancestry]
  1629 | D        | Reached XP level 10. HP: 83/83 MP: 9/12
  1637 | D        | Killed a catoblepas
  1637 | D        | Reached skill level 15 in Long Blades
  1677 | D        | Killed a death yak
  1677 | D        | Reached skill level 5 in Invocations
  1680 | D        | Killed a death yak
  1692 | D        | Reached skill level 10 in Fighting
  1692 | D        | Reached skill level 5 in Dodging
  1864 | D        | Noticed Urug
  1878 | D        | Killed Urug
  1913 | D        | Noticed Josephine
  1932 | D        | Killed Josephine
  1932 | D        | Reached skill level 16 in Long Blades
  1932 | D        | Reached skill level 10 in Armour
  1940 | D        | Gained mutation: You have claws for feet. [demonic
                  | ancestry]
  1940 | D        | Reached XP level 11. HP: 92/92 MP: 16/16
  1944 | D        | Reached skill level 1 in Evocations
  1988 | D        | Noticed an orc knight
  2030 | D        | Killed an orc knight
  2088 | D        | Noticed an orc knight
  2159 | D        | Reached skill level 10 in Shields
  2294 | D        | Killed an orc knight
  2525 | D        | Noticed an orc sorcerer
  2525 | D        | Noticed an orc sorcerer
  2527 | D        | Noticed an orc sorcerer
  2538 | D        | Killed an orc sorcerer
  2538 | D        | Reached skill level 10 in Invocations
  2568 | D        | Killed an orc sorcerer
  2585 | D        | Killed an orc sorcerer
  2633 | D        | Found Ekeopaip's Armour Emporium.
  2640 | D        | Found Yfistem's Armour Shoppe.
  2650 | D        | Found Lefedas's Jewellery Emporium.
  2652 | D        | Found Ygadoe's Assorted Antiques.
  2655 | D        | Noticed an orc sorcerer
  2666 | D        | Killed an orc sorcerer
  2669 | D        | Noticed an orc sorcerer
  2676 | D        | Paralysed by an orc sorcerer for 4 turns
  2683 | D        | Killed an orc sorcerer
  2702 | D        | Bought a twitching crystal amulet for 115 gold pieces
  2702 | D        | Bought a scroll labeled LUVIER NIOGAN for 23 gold pieces
  2702 | D        | Bought a coppery potion for 20 gold pieces
  2702 | D        | Bought a small glass ring for 115 gold pieces
  2708 | D        | Identified the amulet "Iforucuu" {Acrobat Int+5} (You
                  | bought it in a shop in the Dungeon)
  2731 | D        | Bought the +8 plate armour "Quidicos" {Str+3 SInv Stlth+}
                  | for 1082 gold pieces
  2731 | D        | Bought a scarf of spirit shield for 117 gold pieces
  3043 | D        | Noticed a centaur warrior
  3045 | D        | Noticed a five-headed hydra
  3051 | D        | Killed a centaur warrior
  3056 | D        | Noticed a tengu warrior
  3060 | D        | Killed a one-headed hydra
  3063 | D        | Noticed an ettin
  3065 | D        | Noticed a stone giant
  3071 | D        | Killed a tengu warrior
  3071 | D        | Reached skill level 17 in Long Blades
  3090 | D        | Noticed a deep troll earth mage
  3093 | D        | Killed a stone giant
  3094 | D        | Noticed an ice dragon
  3105 | D        | Killed an ettin
  3105 | D        | Reached XP level 12. HP: 101/101 MP: 16/21
  3106 | D        | Noticed an ogre mage
  3109 | D        | Killed a deep troll earth mage
  3109 | D        | Noticed a yaktaur captain
  3127 | D        | Killed an ice dragon
  3130 | D        | Killed an ogre mage
  3137 | D        | Killed a yaktaur captain
  3364 | D        | Noticed a ghost moth
  3369 | D        | Noticed an entropy weaver
  3375 | D        | Reached skill level 18 in Long Blades
  3379 | D        | Noticed a ghost moth
  3381 | D        | Killed a ghost moth
  3387 | D        | Killed an entropy weaver
  3411 | D        | Killed a ghost moth
  3411 | D        | Reached skill level 15 in Invocations
  3552 | D        | Noticed an alligator
  3558 | D        | Noticed an alligator
  3563 | D        | Killed an alligator
  3582 | D        | Killed an alligator
  3582 | D        | Gained mutation: You are completely attuned to the shadows.
                  | [demonic ancestry]
  3582 | D        | Reached XP level 13. HP: 111/111 MP: 21/24
  3686 | D        | Noticed a nagaraja
  3701 | D        | Killed a nagaraja
  3701 | D        | Reached skill level 19 in Long Blades
  4299 | D        | Noticed Gastronok
  4307 | D        | Killed Gastronok
  4314 | D        | Noticed Azrael
  4343 | D        | Killed Azrael
  4510 | D        | Noticed a brown very ugly thing
  4528 | D        | Killed a brown very ugly thing
  4528 | D        | Reached skill level 15 in Shields
  4535 | D        | Paralysed by a floating eye for 3 turns
  4536 | D        | Noticed a frost giant
  4549 | D        | Paralysed by a floating eye for 3 turns
  4863 | D        | Killed a frost giant
  4863 | D        | Reached skill level 5 in Stealth
  4954 | D        | Noticed a stone giant
  4968 | D        | Killed a stone giant
  4968 | D        | Reached skill level 20 in Long Blades
  4988 | D        | Noticed a stone giant
  4997 | D        | Killed a stone giant
  5031 | D        | Noticed a stone giant
  5035 | D        | Noticed a fire dragon
  5043 | D        | Killed a stone giant
  5043 | D        | Reached XP level 14. HP: 121/121 MP: 26/26
  5077 | D        | Reached skill level 15 in Fighting
  5216 | D        | Noticed a vault warden
  5240 | D        | Killed a vault warden
  5246 | D        | Reached skill level 21 in Long Blades
  5258 | D        | Noticed an ironheart preserver
  5273 | D        | Noticed an ironheart preserver
  5281 | D        | Killed an ironheart preserver
  5305 | D        | Killed an ironheart preserver
  5459 | D        | Noticed Mennas
  5518 | D        | HP: 2/124 [Mennas/+2 trishula of holy wrath (7)]
  5518 | D        | Slain by Mennas

Levels and vault maps discovered:
D:        linesprint [early_d, line_temple, items_1, d_10, items_2, lair_1,
          lair_end, items_3, orc_1, orc_end, items_4, d_15, swamp_1, shoals_1,
          snake_1, spider_1, d_20, vaults_1, items_5, swamp_end, shoals_end,
          snake_end, spider_end, vaults_end, d_27, items_6, zot_1, zot_end,
          crypt_end, forest_end, elf_end, slime_end, tomb_end, abyss_end,
          pan_hell_end]

Skill      XL: |  1  2  3  4  5  6  7  8  9 10 11 12 13 14 |
---------------+-------------------------------------------+-----
Long Blades    | 3 4 5 8 9 11 13 14 16 17 18 20 21 | 21.4
Armour         | 3 4 5 6 7 8 10 11 13 14 | 14.8
Shields        | 3 4 5 6 7 8 9 11 13 15 16 | 16.8
Fighting       | 4 5 6 7 9 10 11 13 14 15 | 15.8
Dodging        | 1 2 3 4 5 6 |  6.0
Stealth        | 1 3 4 5 6 |  6.0
Invocations    | 3 7 13 15 17 | 17.3
Evocations     | 1 2 |  2.8

Action                   |  1- 3 |  4- 6 |  7- 9 | 10-12 | 13-15 || total
-------------------------+-------+-------+-------+-------+-------++-------
Melee: Long sword        |    49 |       |       |       |       ||    49
       Scimitar          |     1 |    17 |    93 |   358 |   366 ||   835
       Kick              |       |     2 |    38 |   166 |   197 ||   403
Invok: Lesser Servant of |       |       |     1 |    15 |     2 ||    18
       Greater Servant o |       |       |       |       |     3 ||     3
Evoke: Wand              |       |       |     1 |     3 |     4 ||     8
  Use: Potion            |     1 |     1 |     2 |     1 |    10 ||    15
       Scroll            |       |       |     1 |     2 |     3 ||     6
 Stab: Distracted        |       |       |       |     1 |     1 ||     2
       Sleeping          |       |       |       |       |     1 ||     1
  Eat: Chunk             |       |       |     2 |     7 |     3 ||    12
       Ration            |       |       |       |       |     1 ||     1
Armor: Scale mail        |    19 |     1 |    12 |     9 |       ||    41
       Plate armour      |       |       |       |    80 |   109 ||   189
Dodge: Dodged            |    11 |     5 |    11 |    73 |    90 ||   190
Block: Shield            |    30 |    10 |    41 |   213 |   215 ||   509
       Reflection        |       |       |       |     3 |     5 ||     8
       Rpst.: Long sword |     2 |       |       |       |       ||     2
       Scimitar          |       |     1 |     2 |    17 |    16 ||    36
